 Dungeon Crawl Stone Soup version 0.30-a0-913-g9934a0ce24 (webtiles) character file.

Game seed: 2875126170328124235

443 cforsyth the Shield-Bearer (level 7, -6/55 HPs)
             Began as a Human Fighter on Mar 19, 2023.
             Was an Initiate of Hepliaklqana.
             Mangled by an orc warrior
             ... wielding a +0 battleaxe
              (14 damage)
             ... in the Ecumenical Temple.
             The game lasted 00:05:10 (3049 turns).

cforsyth the Shield-Bearer (Human Fighter)          Turns: 3049, Time: 00:05:11

Health: -6/55      AC:  7    Str: 18    XL:     7   Next: 23%
Magic:  7/7        EV:  9    Int:  8    God:    Hepliaklqana [......]
Gold:   186        SH:  5    Dex: 13    Spells: 6/6 levels left

rFire   . . .      SeeInvis .    u - +7 club
rCold   . . .      Faith    .    c - +0 buckler
rNeg    . . .      Spirit   .    b - +0 scale mail
rPois   .          Reflect  .    (no helmet)
rElec   .          Rampage  .    (no cloak)
rCorr   .                        (no gloves)
Will    .....                    (no boots) Stlth
                                 (no amulet)
HPRegen 0.29/turn                (no ring)
MPRegen 0.10/turn                (no ring)

@: no status effects
A: no striking features
a: Renounce Religion


You were in the Ecumenical Temple.
You worshipped Hepliaklqana.
Hepliaklqana was noncommittal.
You visited 2 branches of the dungeon, and saw 5 of its levels.

You collected 186 gold pieces.

Inventory:

Hand Weapons
 a - a +0 flail
 k - a +0 mace of protection
 u - a +7 club (weapon)
Missiles
 r - a throwing net (quivered)
Armour
 b - a +0 scale mail (worn)
 c - a +0 buckler (worn)
Jewellery
 f - a ring of magical power
 l - a +6 ring of strength
Scrolls
 e - 5 scrolls of identify {unknown}
 h - a scroll of teleportation {unknown}
 j - a scroll of brand weapon {unknown}
 p - a scroll of enchant weapon {unknown}
 q - a scroll of noise {unknown}
 t - a scroll of immolation {unknown}
Potions
 d - 2 potions of might
 g - 3 potions of cancellation {unknown}
 i - 5 potions of curing {unknown}
 m - a potion of degeneration {unknown}
 n - 2 potions of lignification {unknown}
 o - a potion of flight {unknown}
 s - a potion of heal wounds {unknown}


   Skills:
 + Level 4.9 Fighting
 - Level 2.0 Maces & Flails
 + Level 5.0 Armour
 + Level 5.0 Shields


You had 6 spell levels left.
You didn't know any spells.
Your spell library contained the following spells:

 Spells                   Type           Power      Damage    Failure   Level
 Ignite Poison            Fire/Tmut/Pois 0%         N/A       99%         3
 Ozocubu's Armour         Ice            0%         N/A       99%         3
 Sticky Flame             Conj/Fire      0%         2d3       100%        4
 Metabolic Englaciation   Hex/Ice        0%         N/A       100%        5
 Simulacrum               Ice/Necr       0%         N/A       100%        6
 Ignition                 Fire           0%         3d3       100%        8


Dungeon Overview and Level Annotations

Branches:
Dungeon (4/15)             Temple (1/1) D:4

Altars:
Hepliaklqana
Yredelemnul


Message History

You climb upwards.
Welcome back to the Dungeon!
The orc warrior barely misses you. The orc warrior completely misses you.
There is a staircase to the Ecumenical Temple here.
The orc warrior hits you with a +0 battleaxe!
You climb downwards.
Welcome back to the Ecumenical Temple!
There is a staircase back to the Dungeon here.
You hit the orc warrior.
The orc warrior is lightly wounded.
The orc warrior closely misses you.
You closely miss the orc warrior.
The orc warrior is lightly wounded.
The orc warrior barely misses you. The reaper shouts, "Death awaits you!"
You hit the orc warrior.
The orc warrior is moderately wounded.
The orc warrior hits you with a +0 battleaxe!
You block the orc warrior's attack.
You hit the orc warrior.
The orc warrior is heavily wounded.
The orc warrior hits you with a +0 battleaxe!
The reaper whispers, "Time's up, cforsyth!"
You are too injured to fight recklessly!
You are too injured to fight recklessly!
You are too injured to fight recklessly!
You are too injured to fight recklessly!
You are too injured to fight recklessly!
You are too injured to fight recklessly!
You are too injured to fight recklessly!
You are too injured to fight recklessly!
You are too injured to fight recklessly!
You are too injured to fight recklessly!
You are too injured to fight recklessly!
You sock the orc warrior!
The orc warrior is severely wounded.
The orc warrior hits you with a +0 battleaxe!
* * * LOW HITPOINT WARNING * * *
You closely miss the orc warrior.
The orc warrior is severely wounded.
The orc warrior hits you with a +0 battleaxe!
You die...

.#....#≈#....#§
.##...###...##.
..#....#....#.≈
..##...#...##..
..2#.......#..≈
#####.....#####
......[[.......
.......@o......
......)........
#####.....#####
4&1#.......#&24
≈2##...#...##4≈
≈.#....#....#§≈
3##...###...##§
.#....#1#....#§
##...##.##...##


You could see Wehasiu, Yrhotel, a Hell Sentinel, a Tzitzimitl, a hell beast, a
reaper, a green death, an orange demon, a hellwing, a sixfirhy, a chaos spawn
and an orc warrior.

Vanquished Creatures
  Sigmund (D:2)
  A scorpion (D:2)
  Jessica (D:2)
  An iguana (D:4)
  An orc wizard (D:3)
  3 gnolls (D:3)
  3 adders
  2 worms (D:2)
  4 dart slugs
  8 orcs
  4 endoplasms
  2 giant cockroaches
  6 goblins
  7 hobgoblins
  2 jackals (D:1)
  8 kobolds
  A quokka (D:1)
  4 ball pythons
  6 bats
  3 frilled lizards
  2 rats
70 creatures vanquished.

Notes
Turn   | Place    | Note
-------+----------+-------------------------------------------
     0 | D:1      | cforsyth the Human Fighter began the quest for the Orb.
     0 | D:1      | Reached XP level 1. HP: 18/18 MP: 1/1
   194 | D:1      | Reached XP level 2. HP: 24/24 MP: 2/2
   298 | D:1      | Reached XP level 3. HP: 29/29 MP: 3/3
   803 | D:2      | Noticed Sigmund
   824 | D:2      | Killed Sigmund
   825 | D:2      | Reached XP level 4. HP: 8/37 MP: 4/4
   825 | D:2      | Reached XP level 5. HP: 9/42 MP: 5/5
   825 | D:2      | Reached XP level 6. HP: 10/48 MP: 6/6
  1050 | D:2      | Found a faded altar of an unknown god.
  2271 | D:3      | Found a hazy altar of Hepliaklqana.
  2382 | D:3      | Noticed Jessica
  2445 | D:2      | Killed Jessica
  2446 | D:2      | Reached XP level 7. HP: 55/55 MP: 7/7
  2532 | D:3      | Found a basalt altar of Yredelemnul.
  2619 | D:3      | Became a worshipper of Hepliaklqana the Forgotten
  2672 | D:4      | Reached skill level 5 in Armour
  2672 | D:4      | Reached skill level 5 in Shields
  2753 | D:4      | Found a staircase to the Ecumenical Temple.
  2789 | Temple   | Entered the Ecumenical Temple
  2789 | Temple   | Noticed a green death
  2789 | Temple   | Noticed a Hell Sentinel
  2789 | Temple   | Noticed a chaos spawn
  2789 | Temple   | Noticed a Tzitzimitl
  2790 | Temple   | Noticed a sixfirhy
  2792 | Temple   | Noticed Xeofre the pandemonium lord
  2792 | Temple   | Noticed a hell beast
  2792 | Temple   | Noticed an orange demon
  2793 | Temple   | Noticed a hellwing
  2793 | Temple   | Noticed a hellwing
  2794 | Temple   | Noticed Wehasiu the pandemonium lord
  2798 | Temple   | Noticed a reaper
  2800 | Temple   | Noticed Yrhotel the pandemonium lord
  3049 | Temple   | Mangled by an orc warrior

Illustrated notes

Levels and vault maps discovered:
D:1:      minmay_arrival_doors, layout_loops_ring, chequers_jeans
D:2:      minmay_door_path, layout_loops_ring,
          dreamdust_ecumenical_altar_statues, uniq_sigmund
D:3:      layout_rooms, yredelemnul_altar_generic, lemuel_crystal_altar,
          uniq_jessica
D:4:      layout_layer_cave, temple_doors_e, uniq_pikel, uniq_robin
Temple:   nicolae_temple_panitentiary

Skill      XL: |  1  2  3  4  5  6  7 |
---------------+----------------------+-----
Fighting       | 4 |  4.9
Armour         | 4 5 |  5.0
Shields        | 4 5 |  5.0
Maces & Flails | |  2.0

Action                     |  1- 3 |  4- 6 |  7- 9 || total
---------------------------+-------+-------+-------++-------
  Melee: Flail             |    70 |       |       ||    70
         Mace              |    20 |   151 |       ||   171
         Club              |       |       |    37 ||    37
 Armour: Scale mail        |    52 |    92 |    18 ||   162
  Dodge: Dodged            |    41 |    76 |    20 ||   137
  Block: Buckler           |    17 |    55 |    14 ||    86

Table legend: (Time is in decaauts)
 A = Elapsed time spent in this place.
 B = Non-inter-level travel time spent in this place.
 C = Inter-level travel time spent in this place.
 D = Time resting spent in this place.
 E = Time spent auto-exploring this place.
 F = Levels seen in this place.
 G = Mean time per level.
                   A        B        C        D        E       F      G
               +--------+--------+--------+--------+--------+-----+--------+
         Total |   3144 |   3007 |    137 |    366 |   1979 |   5 |  628.8 |
       Dungeon |   2885 |   2748 |    137 |    127 |   1979 |   4 |  721.2 |
        Temple |    259 |    259 |      0 |    239 |      0 |   1 |  259.0 |
               +--------+--------+--------+--------+--------+-----+--------+

Top non-repeatable levels by time:
     D:2: 1178 daAuts
     D:3: 791 daAuts
     D:1: 740 daAuts
  Temple: 259 daAuts
     D:4: 175 daAuts
